AoeStats
← EmreKGvar

Arabia

510167285Analyzed
2v2 RM · 16h ago on Sep 29, 2026· 34m 27s· 4 players
Game mode
Random Map
Map size
Medium (4 player)
Population
200
Speed
Normal
Resources
Standard
Victory
Conquest
Starting age
Dark Age
Ending age
Imperial Age
RankedLock teamsTeams togetherTeam positionsShared explorationLock speedFull tech treeHidden civsTurbo modeCheats
Victory
Defeat
🇩🇪 Spanish · Germany
736
+13
🇩🇪 Magyars · Germany
654
+16
🇹🇷 Turks · Türkiye
665
-15
🇫🇮 Vikings · Finland
660
-14
Sir Burnalot of Homes
3:16 Loom
11:06 Feudal Age
12:30 Town Watch
12:34 Horse Collar
12:41 Double-Bit Axe
16:24 Scale Barding Armor
21:46 Castle Age
22:16 Light Cavalry
23:28 Chain Barding Armor
22:59 Fletching
25:09 Bow Saw
25:09 Heavy Plow
25:22 Scale Mail Armor
25:35 Forging
28:05 Pikeman
EmreKGvar
0:37 Loom
11:27 Feudal Age
12:00 Double-Bit Axe
14:01 Horse Collar
20:48 Castle Age
21:39 Heavy Plow
magge
10:31 Feudal Age
11:38 Town Watch
12:55 Loom
15:45 Castle Age
13:43 Double-Bit Axe
15:46 Horse Collar
Ping
10:39 Feudal Age
11:10 Horse Collar
11:16 Double-Bit Axe
11:49 Man-at-Arms
13:32 Gold Mining
26:44 Castle Age
27:37 Long Swordsman
32:23 Husbandry
32:49 Bloodlines
Connection lost

Rejoining the realm…

Still unreachable

The connection could not be restored.

Session expired

The server has moved on; the page needs a fresh start.